 Dungeon Crawl Stone Soup version 0.29.1-1-gd02db6906a (webtiles) character file.

Game seed: 3432721592841634604

1019 LustLizard the Slasher (level 8, -1/55 (62) HPs)
             Began as a Demonspawn Fighter on Oct 3, 2022.
             Slain by a wight
             ... wielding a +4 dire flail of freezing
              (11 damage)
             ... on level 7 of the Dungeon.
             The game lasted 00:09:32 (4981 turns).

LustLizard the Slasher (Demonspawn Fighter)         Turns: 4981, Time: 00:09:32

HP:   -1/55 (62)    AC: 15    Str: 17    XL:     8   Next: 2%
MP:   8/8           EV:  5    Int: 15    God:
Gold: 140           SH:  5    Dex: 15    Spells: 7/7 levels left

rFire   . . .      SeeInvis .   a - +0 long sword
rCold   . . .      Faith    .   c - +0 buckler
rNeg    . . .      Spirit   .   l - +1 plate armour
rPois   .          Reflect  .   (no helmet)
rElec   .          Harm     .   (no cloak)
rCorr   .          Rampage  .   (no gloves)
Will    .....                   (boots unavailable)
Stlth   ..........              p - amulet of regeneration
HPRegen 0.98/turn               o - +6 ring of intelligence
MPRegen 0.11/turn               (no ring)

@: heavily drained
A: hooves 3, yellow scales 1, powered by death 1
a: no special abilities


You were on level 7 of the Dungeon.
You visited 1 branch of the dungeon, and saw 6 of its levels.

You collected 140 gold pieces.

Inventory:

Hand Weapons
 a - a +0 long sword (weapon)
Missiles
 f - 8 boomerangs
 g - 48 stones (quivered)
 h - 7 poisoned darts
Armour
 b - a +0 scale mail
 c - a +0 buckler (worn)
 l - a +1 plate armour (worn)
Jewellery
 o - a +6 ring of intelligence (left hand)
 p - an amulet of regeneration (around neck)
Wands
 n - a wand of flame (5)
Scrolls
 k - 2 scrolls of enchant armour
 m - a scroll of enchant weapon {unknown}
Potions
 d - a potion of flight
 e - a potion of degeneration
 i - a potion of heal wounds {unknown}
 j - 3 potions of curing


   Skills:
 + Level 5.1 Fighting
 * Level 5.6 Long Blades
 + Level 4.6 Armour
 + Level 4.6 Shields


You had 7 spell levels left.
You didn't know any spells.
Your spell library contained the following spells:

 Spells                   Type           Power      Damage    Failure   Level
 Magic Dart               Conj           0%         1d3       100%        1
 Call Imp                 Summ           0%         N/A       100%        2
 Mephitic Cloud           Conj/Pois/Air  0%         N/A       100%        3


Dungeon Overview and Level Annotations

Branches:
Dungeon (7/15)
 Temple: D:4-7

Altars:
Makhleb

Annotations:
D:7 Duvessa, Menkaure


Innate Abilities, Weirdness & Mutations

You have hooves in place of feet.
You are partially covered in yellow scales. (AC +2)
You regenerate a little health from kills.


Message History

You feel sick. The wight barely misses you.
You barely miss the wight. Your kick misses the wight.
The wight is moderately damaged.
You feel sick.
The wight hits you with a +4 dire flail of freezing!
You feel drained. The wight freezes you.
* * * LOW HITPOINT WARNING * * *
You hit the wight but do no damage.
The wight is moderately damaged.
You feel sick.
You are no longer poisoned.
The wight completely misses you.
You hit the wight but do no damage.
The wight is moderately damaged.
The wight hits you with a +4 dire flail of freezing.
* * * LOW HITPOINT WARNING * * *
The wight freezes you.
* * * LOW HITPOINT WARNING * * *
You hit the wight. You kick the wight, but do no damage.
The wight is heavily damaged.
The wight hits you with a +4 dire flail of freezing.
* * * LOW HITPOINT WARNING * * *
The wight freezes you.
* * * LOW HITPOINT WARNING * * *
You feel better.
The wight hits you with a +4 dire flail of freezing.
* * * LOW HITPOINT WARNING * * *
The wight freezes you.
* * * LOW HITPOINT WARNING * * *
You slash the wight! Your kick misses the wight.
The wight is almost destroyed.
The wight hits you with a +4 dire flail of freezing.
* * * LOW HITPOINT WARNING * * *
The wight freezes you.
* * * LOW HITPOINT WARNING * * *
You hit the wight but do no damage.
The wight is almost destroyed.
You block the wight's attack.
The wight hits you with a +4 dire flail of freezing!
You die...

.........# #........# *,**,*
*###...### #.....##.## **,**,*
#.......# #.....#...# *,,,*,,
#.#...#.# #.....'.⌠.#* **,⌠,+,,
#.#####.# #.....#....# *,,,,*,,
#.....#.####..<†.##...#**,,,**,*
######.#.#.........#....#.,,,**,*
.#####.#.#.#####.###*...e.,,***,*
.......#.#.# #@# *.>.⌠.<,* *,*
########...# #z##**.....,,***,*
##### #ze#*.z..#.,,,**,*
##.##z..#**,,,**,* #..#....#
*,,,,*,, #....⌠.#* **,⌠,+,,
#..#...# *,,,*,, ##.##.## **,**,*
#..,.# *,,,,*


You could see Duvessa and 2 wights.

Vanquished Creatures
  Grinder (D:4)
  A black bear (D:3)
  A kobold brigand (D:7)
  A bullfrog (D:7)
  2 scorpions
  A wight (D:7)
  2 jellies
  An orc priest (D:3)
  Jessica (D:3)
  Terence (D:2)
  An orc wizard (D:3)
  Natasha (thrice) (D:3)
  8 gnolls (D:3)
  5 adders
  A worm (D:2)
  2 dart slugs
  4 orcs
  A ball python (D:2)
  7 endoplasms
  A giant cockroach (D:1)
  9 goblins
  4 hobgoblins
  9 kobolds
  5 quokkas
  6 bats
  3 frilled lizards
  4 rats
85 creatures vanquished.

Vanquished Creatures (others)
  3 plants (D:4)
3 creatures vanquished.

Grand Total: 88 creatures vanquished

Notes
Turn   | Place    | Note
-------+----------+-------------------------------------------
     0 | D:1      | LustLizard the Demonspawn Fighter began the quest for the
                  | Orb.
     0 | D:1      | Reached XP level 1. HP: 18/18 MP: 1/1
    68 | D:1      | Found a faded altar of an unknown god.
   214 | D:1      | Gained mutation: You have large cloven feet. [demonic
                  | ancestry]
   214 | D:1      | Reached XP level 2. HP: 24/24 MP: 2/2
   942 | D:1      | Gained mutation: You are partially covered in yellow
                  | scales. (AC +2) [demonic ancestry]
   942 | D:1      | Reached XP level 3. HP: 28/29 MP: 3/3
  1591 | D:2      | Noticed Terence
  1603 | D:2      | Killed Terence
  1604 | D:2      | Gained mutation: You have hoof-like feet. [demonic
                  | ancestry]
  1604 | D:2      | Reached XP level 4. HP: 15/35 MP: 4/4
  2083 | D:3      | Noticed a black bear
  2314 | D:3      | Noticed Natasha
  2322 | D:3      | Killed Natasha
  2471 | D:3      | Noticed Jessica
  2490 | D:3      | Killed Jessica
  2491 | D:3      | Gained mutation: You regenerate a little health from kills.
                  | [demonic ancestry]
  2491 | D:3      | Reached XP level 5. HP: 14/42 MP: 5/5
  3053 | D:3      | Gained mutation: You have hooves in place of feet. [demonic
                  | ancestry]
  3053 | D:3      | Reached XP level 6. HP: 48/48 MP: 6/6
  3404 | D:3      | Noticed Natasha
  3411 | D:3      | Killed Natasha
  3414 | D:3      | Noticed Natasha
  3420 | D:3      | Killed Natasha
  3667 | D:3      | Reached XP level 7. HP: 48/55 MP: 7/7
  3962 | D:3      | Found a burning altar of Makhleb.
  4446 | D:4      | Noticed Grinder
  4453 | D:4      | Paralysed by Grinder for 5 turns
  4458 | D:4      | Killed Grinder
  4459 | D:4      | Reached skill level 5 in Long Blades
  4571 | D:4      | You fall into a shaft and drop 3 floors!
  4597 | D:7      | Noticed Menkaure
  4947 | D:7      | Reached skill level 5 in Fighting
  4959 | D:7      | Noticed Duvessa
  4971 | D:7      | Reached XP level 8. HP: 55/62 MP: 8/8
  4981 | D:7      | Slain by a wight

Illustrated notes

Levels and vault maps discovered:
D:1:      amcnicky_arrival_underground_garden, layout_basic,
          shapermc_ecumenical_altar_ellora, st_stairs_11
D:2:      layout_loops_corners, uniq_terence
D:3:      layout_basic, lightli_temple_of_fire, zin_scriptorium, fountainhead,
          minmay_parallelograms, uniq_jessica, uniq_natasha
D:4:      layout_loops_cross, lemuel_zombie_altar_yredelemnul,
          mainiacjoe_overflow_small_starburst, minmay_stone_trees_small,
          serial_bayou_lagoon_b, uniq_ijyb, uniq_grinder
D:6:      layout_cave_pools, serial_park, serial_park_avenue1,
          serial_park_square1 [serial_park_minivault_5x5_8], serial_park_gazebo
          [serial_park_minivault_5x5_4], uniq_eustachio
D:7:      layout_basic, serial_co_window_serial, co_window_corner_a,
          co_window_corner_a, co_window_paths_a, co_window_paths_a,
          co_window_paths_a, co_window_corner_b, co_window_of_opportunity_b,
          co_window_broadway_a, co_window_broadway_b, co_window_paths_e,
          grunt_ministairs_13, uniq_duvessa, uniq_menkaure

Skill      XL: |  1  2  3  4  5  6  7 |
---------------+----------------------+-----
Long Blades    | 2 3 4 5 |  5.6
Shields        | 3 4 |  4.6
Armour         | 3 4 |  4.6
Fighting       | 4 5 |  5.1

Action                   |  1- 3 |  4- 6 |  7- 9 || total
-------------------------+-------+-------+-------++-------
Melee: Long sword        |    92 |   103 |    70 ||   265
       Kick              |    11 |    28 |    15 ||    54
Throw: Stone             |       |     3 |     3 ||     6
  Use: Potion            |     1 |       |     1 ||     2
       Scroll            |       |     3 |     3 ||     6
Armor: Scale mail        |    35 |       |       ||    35
       Plate armour      |    14 |    72 |    28 ||   114
Dodge: Dodged            |    37 |    22 |    18 ||    77
Block: Buckler           |    26 |    28 |    10 ||    64
